 Dungeon Crawl Stone Soup version 0.29.0-4-gdea44cf6ec (webtiles) character file.

Game seed: 2219163146484913476

687 qw the Cleaver (level 7, -5/42 HPs)
             Began as a Tengu Warper on Aug 28, 2022.
             Slain by a water moccasin (7 damage)
             ... on level 5 of the Dungeon.
             The game lasted 00:00:25 (4559 turns).

qw the Cleaver (Tengu Warper)                       Turns: 4559, Time: 00:00:25

Health: -5/42      AC:  9    Str: 13    XL:     7   Next: 62%
Magic:  11/11      EV:  7    Int: 13    God:
Gold:   232        SH:  0    Dex: 14    Spells: 10/10 levels left

rFire   . . .      SeeInvis +   Y - +0 war axe
rCold   . . .      Faith    .   (no shield)
rNeg    . . .      Spirit   .   i - +0 chain mail
rPois   .          Reflect  .   (helmet restricted)
rElec   .          Harm     .   (no cloak)
rCorr   .          Rampage  .   l - +0 pair of gloves
Will    .....                   (boots unavailable)
Stlth   ..........              (no amulet)
HPRegen 0.14/turn               m - ring of see invisible
MPRegen 0.12/turn               (no ring)

@: lethally poisoned (-5 -> -19), about to teleport, flying quickly and
evasively, quick
A: beak, talons 3, nimble flight
a: no special abilities


You were on level 5 of the Dungeon.
You visited 1 branch of the dungeon, and saw 5 of its levels.

You collected 232 gold pieces.


Innate Abilities, Weirdness & Mutations

You have a beak for a mouth.
You have claws for feet.
Your magical nature lets you fly swiftly and evasively.


   Skills:
 - Level 3.8 Fighting
 - Level 8.0 Axes
 - Level 1.0 Throwing
 + Level 2.4 Armour
 - Level 2.1 Dodging
 - Level 2.0 Spellcasting
 - Level 2.4 Translocations


You had 10 spell levels left.
You didn't know any spells.
Your spell library contained the following spells:

 Spells                   Type           Power      Damage    Failure   Level
 Blink                    Tloc           14%        N/A       99%         2
 Gell's Gravitas          Tloc           7%         N/A       100%        3
 Lesser Beckoning         Tloc           7%         N/A       100%        3
 Teleport Other           Tloc           7%         N/A       100%        3
 Manifold Assault         Tloc           7%         N/A       100%        5

Inventory:

Hand Weapons
 f - a +0 mace
 Y - a +0 war axe (weapon)
Armour
 i - a +0 chain mail (worn)
 l - a +0 pair of gloves (worn)
Jewellery
 m - a ring of see invisible (left hand)
Scrolls
 h - a scroll of teleportation
 p - 2 scrolls of identify
Potions
 b - a potion of resistance {unknown}
 c - a potion of attraction {unknown}
 e - a potion of haste
 g - a potion of degeneration {unknown}
 j - a potion of curing {unknown}
 k - a potion of flight {unknown}
 n - a potion of ambrosia {unknown}
 o - a potion of heal wounds {unknown}

Dungeon Overview and Level Annotations

Branches:
Dungeon (5/15)
 Temple: D:4-7

Altars:
Ru
Trog


Message History

Found a stone staircase leading down.
A water moccasin comes into view.
The water moccasin hisses angrily.
You barely miss the water moccasin. You claw the water moccasin.
The water moccasin is lightly wounded.
The water moccasin bites you but does no damage.
You hit the water moccasin but do no damage.
Your kick misses the water moccasin.
The water moccasin is lightly wounded.
The water moccasin bites you.
You are poisoned.
The water moccasin poisons you! The water moccasin bites you.
You barely miss the water moccasin. Your kick misses the water moccasin.
The water moccasin is lightly wounded.
You feel very sick.
The water moccasin bites you but does no damage.
You miss the water moccasin. Your peck misses the water moccasin.
The water moccasin is lightly wounded.
You feel very sick. The water moccasin barely misses you.
The water moccasin bites you!
You miss the water moccasin. You claw the water moccasin.
Your peck misses the water moccasin.
The water moccasin is lightly wounded.
You feel sick. The water moccasin bites you.
You miss the water moccasin. You claw the water moccasin!
The water moccasin is heavily wounded.
You feel sick.
The water moccasin bites you but does no damage.
The water moccasin bites you!
4558 ||| READING 2 scrolls of teleportation.
As you read the scroll of teleportation, it crumbles to dust.
You feel strangely unstable.
You feel sick.
The water moccasin bites you but does no damage.
You closely miss the water moccasin.
The water moccasin is heavily wounded.
You feel sick. The water moccasin bites you.
You are more poisoned.
The water moccasin poisons you! The water moccasin bites you!
You die...

.......<....####
###.##.........#
#.####.##.########
#. #.##.........
#. #.##..#######
#. #.##..# #.
#.##..#####
#.####.........#
.......@.###.#
.......S##
####....# #.##.#
..# .># ### #.#
#.# ..#


You could see a water moccasin.

Vanquished Creatures
  Sigmund (D:3)
  Eustachio (D:4)
  An ice beast (D:5)
  A scorpion (D:4)
  A hound (D:4)
  An orc priest (D:4)
  9 adders
  3 worms (D:2)
  A dart slug (D:1)
  3 orcs (D:4)
  6 ball pythons
  4 endoplasms
  A giant cockroach (D:3)
  7 goblins (D:4)
  9 hobgoblins
  6 jackals
  13 kobolds
  2 quokkas
  7 bats
  4 frilled lizards
  5 rats
86 creatures vanquished.

Vanquished Creatures (others)
  A plant (D:3)
1 creature vanquished.

Grand Total: 87 creatures vanquished

Notes
Turn   | Place    | Note
-------+----------+-------------------------------------------
     0 | D:1      | qw the Tengu Warper began the quest for the Orb.
     0 | D:1      | Reached XP level 1. HP: 12/12 MP: 4/4
     0 | D:1      | 0 ||| qw: Version: 0.1-a-89-g26bdef1
     0 | D:1      | 0 ||| qw: Game counter: 968
     0 | D:1      | 0 ||| qw: Always use a shield: true
     0 | D:1      | 0 ||| qw: God list: Okawaru
     0 | D:1      | 0 ||| qw: Allow faded altars: false
     0 | D:1      | 0 ||| qw: Do Orc after D:15 true
     0 | D:1      | 0 ||| qw: Do second Lair branch before Depths: true
     0 | D:1      | 0 ||| qw: Lair rune preference: random
     0 | D:1      | 0 ||| qw: Plans: Normal
     0 | D:1      | 0 ||| PLANNING D:1-11
   395 | D:1      | Reached XP level 2. HP: 17/17 MP: 6/6
   403 | D:1      | Reached skill level 3 in Axes
   877 | D:1      | 877 ||| UPGRADING to +0 scale mail.
   887 | D:1      | 887 ||| DROPPING +0 leather armour.
   888 | D:1      | 888 ||| UPGRADING to +0 pair of gloves.
   893 | D:1      | 893 ||| READING scroll labelled GATEPA MOFUFO.
   894 | D:1      | 894 ||| DROPPING scroll of blinking.
   966 | D:2      | 966 ||| Stepping ~*~*~tactically~*~*~ (stealth).
   968 | D:2      | 968 ||| Stepping ~*~*~tactically~*~*~ (stealth).
   970 | D:2      | 970 ||| Stepping ~*~*~tactically~*~*~ (stealth).
   974 | D:2      | 974 ||| Stepping ~*~*~tactically~*~*~ (stealth).
   977 | D:2      | 977 ||| Stepping ~*~*~tactically~*~*~ (stealth).
   980 | D:2      | 980 ||| Stepping ~*~*~tactically~*~*~ (stealth).
   981 | D:2      | 981 ||| Stepping ~*~*~tactically~*~*~ (stealth).
  1159 | D:2      | 1159 ||| FLEEEEING.
  1160 | D:2      | 1160 ||| FLEEEEING.
  1164 | D:2      | Reached XP level 3. HP: 19/21 MP: 7/7
  1249 | D:2      | 1249 ||| Stepping ~*~*~tactically~*~*~ (stealth).
  1251 | D:2      | 1251 ||| Stepping ~*~*~tactically~*~*~ (stealth).
  1275 | D:2      | Reached skill level 4 in Axes
  1702 | D:2      | Reached XP level 4. HP: 22/26 MP: 8/8
  1840 | D:2      | Found a faded altar of an unknown god.
  2055 | D:2      | 2055 ||| UPGRADING to ring of see invisible.
  2056 | D:2      | 2056 ||| READING scroll labelled QUOROMIOX.
  2061 | D:2      | 2061 ||| READING scroll labelled ZIESATZ DALYJ.
  2334 | D:3      | Reached skill level 5 in Axes
  2385 | D:3      | Found a sacrificial altar of Ru.
  2510 | D:3      | 2510 ||| Stepping ~*~*~tactically~*~*~ (stealth).
  2577 | D:3      | 2577 ||| FLEEEEING.
  2578 | D:3      | 2578 ||| FLEEEEING.
  2579 | D:3      | 2579 ||| FLEEEEING.
  2580 | D:3      | 2580 ||| FLEEEEING.
  2581 | D:3      | 2581 ||| FLEEEEING.
  2582 | D:3      | 2582 ||| FLEEEEING.
  2589 | D:3      | 2589 ||| FLEEEEING.
  2590 | D:3      | 2590 ||| FLEEEEING.
  2591 | D:3      | 2591 ||| FLEEEEING.
  2592 | D:3      | 2592 ||| FLEEEEING.
  2593 | D:3      | 2593 ||| FLEEEEING.
  2787 | D:3      | 2787 ||| Stepping ~*~*~tactically~*~*~ (stealth).
  2790 | D:3      | 2790 ||| Stepping ~*~*~tactically~*~*~ (stealth).
  2886 | D:3      | 2886 ||| Stepping ~*~*~tactically~*~*~ (stealth).
  3056 | D:3      | Noticed Sigmund
  3073 | D:3      | Killed Sigmund
  3074 | D:3      | Reached skill level 7 in Axes
  3074 | D:3      | Gained mutation: Your magical nature lets you fly swiftly
                  | and evasively. [Tengu growth]
  3074 | D:3      | Reached XP level 5. HP: 14/30 MP: 9/9
  3074 | D:3      | Reached XP level 6. HP: 16/35 MP: 10/10
  3454 | D:3      | 3454 ||| UPGRADING to +0 chain mail.
  3464 | D:3      | 3464 ||| DROPPING +0 scale mail.
  3465 | D:3      | 3465 ||| READING 2 scrolls labelled EFUZIUCKOT.
  3466 | D:3      | 3466 ||| DRINKING 2 grey potions.
  3467 | D:3      | 3467 ||| DROPPING scroll of amnesia.
  3491 | D:4      | 3491 ||| STAIRDANCE
  3503 | D:4      | 3503 ||| STAIRDANCE
  3609 | D:4      | Noticed Eustachio
  3623 | D:4      | Killed Eustachio
  3624 | D:4      | Reached skill level 3 in Fighting
  3624 | D:4      | Reached XP level 7. HP: 28/42 MP: 11/11
  3773 | D:4      | 3773 ||| Stepping ~*~*~tactically~*~*~ (hiding).
  3918 | D:4      | 3918 ||| SWAPPING to +0 war axe.
  3919 | D:4      | 3919 ||| DROPPING +0 hand axe.
  4460 | D:4      | Found a bloodstained altar of Trog.
  4466 | D:4      | 4466 ||| Stepping ~*~*~tactically~*~*~ (stealth).
  4489 | D:4      | 4489 ||| READING scroll labelled SOOLIM HYMAUWY.
  4490 | D:4      | 4490 ||| READING 2 scrolls of identify.
  4490 | D:4      | 4490 ||| IDENTIFYING clear potion
  4491 | D:4      | 4491 ||| DROPPING potion of brilliance.
  4492 | D:4      | 4492 ||| READING 3 scrolls of teleportation.
  4518 | D:5      | Entered Level 5 of the Dungeon
  4542 | D:5      | Reached skill level 8 in Axes
  4557 | D:5      | HP: 8/42 [water moccasin (8)]
  4558 | D:5      | 4558 ||| READING 2 scrolls of teleportation.
  4559 | D:5      | HP: 2/42 [water moccasin (4)]
  4559 | D:5      | Slain by a water moccasin

Levels and vault maps discovered:
D:1:      lemuel_arrival_rhombus, layout_basic
D:2:      layout_basic, chequers_ecumenical_altar_simple, corner_web_ring
D:3:      cheibrodos_old_hovel, layout_basic,
          mainiacjoe_overflow_small_starburst, uniq_sigmund
D:4:      layout_gridville, trog_hazing_becter, uniq_eustachio
D:5:      layout_loops_ring, grunt_gozag_statues, mainiacjoe_overflow_chevrons,
          mainiacjoe_overflow_catwalk, minmay_temple_entry_glassed_door,
          uniq_blork_the_orc

Skill      XL: |  1  2  3  4  5  6  7 |
---------------+----------------------+-----
Axes           | 3 4 7 8 |  8.0
Armour         | 2 |  2.4
Fighting       | 3 |  3.8
Throwing       | |  1.0
Dodging        | |  2.1
Spellcasting   | |  2.0
Translocations | |  2.4

Action                   |  1- 3 |  4- 6 |  7- 9 || total
-------------------------+-------+-------+-------++-------
Melee: Hand axe          |    60 |   128 |    18 ||   206
       Kick              |    14 |    33 |    16 ||    63
       Peck              |    14 |    12 |    11 ||    37
       War axe           |       |       |    52 ||    52
Throw: Javelin           |    22 |     3 |       ||    25
       Boomerang         |     7 |       |       ||     7
  Use: Scroll            |     1 |     3 |     4 ||     8
       Potion            |       |     1 |       ||     1
Armor: Leather armour    |     4 |       |       ||     4
       Scale mail        |    13 |    43 |       ||    56
       Chain mail        |       |     9 |    40 ||    49
Dodge: Dodged            |    22 |    47 |    17 ||    86

Table legend:
 A = Non-vault XP
 B = Vault XP
 C = Vault XP percentage of total XP
 D = Non-vault monster count
 E = Vault monster count
 F = Vault count percentage of total count
                 A         B        C        D         E       F
            +---------+---------+-------+---------+---------+-------
      Total |     529 |     453 |  46.1 |      77 |       9 |  10.5
            +---------+---------+-------+---------+---------+-------
        D:1 |      25 |       0 |   0.0 |      14 |       0 |   0.0
        D:2 |      74 |       0 |   0.0 |      19 |       0 |   0.0
        D:3 |      56 |     239 |  81.0 |      24 |       2 |   7.7
        D:4 |     242 |     214 |  46.9 |      19 |       7 |  26.9
        D:5 |     132 |       0 |   0.0 |       1 |       0 |   0.0
            +---------+---------+-------+---------+---------+-------
